 Dungeon Crawl Stone Soup version 0.26-a0-639-g72c4674329 (webtiles) character file.

Game seed: 4593093460283589740

43 Flugslaktarn the Shield-Bearer (level 3, -12/30 HPs)
             Began as a Formicid Fighter on Sept 21, 2020.
             Killed by divine providence
             ... invoked by an orc priest
              (15 damage)
             ... on level 4 of the Dungeon.
             The game lasted 00:00:26 (861 turns).

Flugslaktarn the Shield-Bearer (Formicid Fighter)    Turns: 861, Time: 00:00:26

Health: -12/30     AC: 11    Str: 21    XL:     3   Next: 82%
Magic:  3/3        EV:  4    Int:  7    God:
Gold:   56         SH:  9    Dex: 10    Spells: 2/2 levels left

rFire    + . .     SeeInvis +   a - +0 war axe
rCold    + . .     Faith    .   c - +0 kite shield
rNeg     . . .     Spirit   .   g - +0 plate armour
rPois    +         Reflect  .   (helmet unavailable)
rElec    +         Harm     .   (no cloak)
rCorr    +         Rampage  .   (no gloves)
MR       .....                  (no boots)
Stlth    ..........             (no amulet)
HPRegen  0.10/turn              (no ring)
MPRegen  0.08/turn              (no ring)

@: resistant
A: permanent stasis, dig shafts and tunnels, four strong arms, antennae 3
a: Dig, Shaft Self


You were on level 4 of the Dungeon.
You visited 1 branch of the dungeon, and saw 4 of its levels.

You collected 56 gold pieces.

Inventory:

Hand Weapons
 a - a +0 war axe (weapon)
Armour
 b - a +0 scale mail
 c - a +0 kite shield (worn)
 g - a +0 plate armour (worn)
   (You found it on level 1 of the Dungeon)
Scrolls
 f - a scroll of remove curse {unknown}
 h - a scroll of amnesia {unknown}
Potions
 d - a potion of might
 i - a potion of curing {unknown}


   Skills:
 * Level 3.9 Fighting
 * Level 2.7 Axes
 + Level 3.5 Armour
 + Level 4.0 Shields


You had 2 spell levels left.
You didn't know any spells.
Your spell library was empty.

Dungeon Overview and Level Annotations

Branches:
Dungeon (4/15)
 Temple: D:4-7

Altars:


Innate Abilities, Weirdness & Mutations

You cannot be hasted, slowed, berserked, paralysed or teleported.
You can dig through walls and to a lower floor.
Your four strong arms can wield two-handed weapons with a shield.
You have a pair of large antennae on your head. (SInv)


Message History

You closely miss the orc priest. You hit the orc priest.
The orc wizard points at you and mumbles some strange words.
The puff of flame hits you!
* * * LOW HITPOINT WARNING * * *
The orc priest hits you but does no damage.
The orc priest invokes the aid of Beogh against you.
Pain shoots through your body!
* * * LOW HITPOINT WARNING * * *
You block the orc priest's attack.
You are too injured to fight recklessly!
You are too injured to fight recklessly!
You are too injured to fight recklessly!
You are too injured to fight recklessly!
You are too injured to fight recklessly!
It was a potion of resistance.
You feel protected.
The orc priest invokes the aid of Beogh against you.
Beogh smites you!
Ouch! That really hurt!
You die...

######## #(.....#
#......# #......#
#####
#......##....##
#..ooo.##.....#
##..o@..##.....#
#........#.....#
#.......##....#
#.......##....##
#..............+
####.##...##.....#
##.##########.....#
#......'...##....##
#.<../.#...##....##


You could see 3 orc priests and an orc wizard.

Vanquished Creatures
  2 adders (D:2)
  A dart slug (D:1)
  A leopard gecko (D:1)
  3 goblins
  5 hobgoblins
  A quokka (D:2)
  A bat (D:3)
  2 frilled lizards (D:2)
  3 kobolds (D:1)
  4 rats (D:1)
23 creatures vanquished.

Notes
Turn   | Place    | Note
-------+----------+-------------------------------------------
     0 | D:1      | Flugslaktarn the Formicid Fighter began the quest for the
                  | Orb.
     0 | D:1      | Reached XP level 1. HP: 18/18 MP: 1/1
   169 | D:1      | Reached XP level 2. HP: 24/24 MP: 2/2
   401 | D:2      | Reached XP level 3. HP: 25/30 MP: 3/3
   637 | D:2      | Reached skill level 4 in Shields
   861 | D:4      | Killed from afar by an orc priest

Illustrated notes

Levels and vault maps discovered:
D:1:      ebering_trefoil_3fold, layout_loops_ring
D:2:      layout_basic
D:3:      layout_loops_corners, nicolae_overflow_crystal_walls,
          chequers_ecumenical_altar_grove, uniq_jessica
D:4:      layout_gridville, ebering_ghost_sewer_f

Skill      XL: |  1  2  3 |
---------------+----------+-----
Shields        | 4 |  4.0
Fighting       | |  3.9
Axes           | |  2.7
Armour         | |  3.5

Action                   || total
-------------------------++-------
Melee: War axe           ||    65
  Use: Potion            ||     1
Armor: Scale mail        ||     9
       Plate armour      ||    24
Dodge: Dodged            ||     8
Block: Kite shield       ||    31

Table legend: (Time is in decaauts)
 A = Elapsed time spent in this place.
 B = Non-inter-level travel time spent in this place.
 C = Inter-level travel time spent in this place.
 D = Time resting spent in this place.
 E = Time spent auto-exploring this place.
 F = Levels seen in this place.
 G = Mean time per level.
                   A        B        C        D        E       F      G
               +--------+--------+--------+--------+--------+-----+--------+
         Total |    889 |    839 |     50 |      0 |    653 |   4 |  222.2 |
       Dungeon |    889 |    839 |     50 |      0 |    653 |   4 |  222.2 |
               +--------+--------+--------+--------+--------+-----+--------+

Top non-repeatable levels by time:
     D:1: 378 daAuts
     D:2: 319 daAuts
     D:3: 163 daAuts
     D:4: 28 daAuts
